 Dungeon Crawl Stone Soup version 0.31-a0-233-g139696dc86 (webtiles) character file.

Game seed: 12087904246330553853

46 qw the Shooter (level 3, -1/21 HPs)
             Began as a Gargoyle Hexslinger on July 8, 2023.
             Frozen to death by an endoplasm (3 damage)
             ... on level 2 of the Dungeon.
             The game lasted 00:00:23 (873 turns).

qw the Shooter (Gargoyle Hexslinger)                 Turns: 873, Time: 00:00:23

Health: -1/21      AC:  8    Str: 11    XL:     3   Next: 66%
Magic:  4/4        EV: 10    Int: 13    God:
Gold:   62         SH:  0    Dex: 14    Spells: 3/4 levels left

rFire   . . .        Y - +1 sling
rCold   . . .        (no shield)
rNeg    + . .        h - +0 ring mail
rPois   inf          (no helmet)
rElec   +            (no cloak)
rCorr   .            (no gloves)
SInv    .            (no boots)
Will    .....        (no amulet)
Stlth   +            (no ring)
HPRegen 0.23/turn    (no ring)
MPRegen 0.09/turn

%: no passive effects
@: no status effects
A: sickness immunity, AC +3, negative energy resistance 1, electricity
resistance, torment resistance 1, petrification resistance
a: no special abilities


You were on level 2 of the Dungeon.
You visited 1 branch of the dungeon, and saw 2 of its levels.

You collected 62 gold pieces.


Innate Abilities, Weirdness & Mutations

You are immune to sickness and miasma.
Your stone body is resilient. (AC +3)
You are immune to poison.
You resist negative energy. (rN+)
You are resistant to electric shocks. (rElec)
You are resistant to unholy torment.
You are immune to petrification.


   Skills:
 - Level 2.1 Fighting
 + Level 3.5 Ranged Weapons
 - Level 1.5 Dodging
 - Level 1.0 Spellcasting
 - Level 2.6 Hexes


You had 3 spell levels left.
You knew the following spells:

 Your Spells              Type           Power      Damage    Failure   Level
a - Slow                  Hex            28%        N/A       22%         1

Your spell library contained the following spells:

 Spells                   Type           Power      Damage    Failure   Level
 Inner Flame              Hex/Fire       4%         N/A       75%         3
 Portal Projectile        Hex/Tloc       8%         N/A       75%         3
 Cause Fear               Hex            3%         N/A       92%         4

Inventory:

Hand Weapons
 Y - a +1 sling (weapon)
Armour
 h - a +0 ring mail (worn)
Potions
 d - a potion of brilliance {unknown}
 f - a potion of magic {unknown}

Dungeon Overview and Level Annotations

Branches:
Dungeon (2/15)

Altars:


Message History

The adder bites you but does no damage.
You shoot a sling bullet. The sling bullet misses the adder.
The sling bullet hits the worm.
You kill the worm!
The endoplasm freezes you.
You are frozen.
The adder bites you but does no damage.
The endoplasm hits you but does no damage.
The adder closely misses you.
You shoot a sling bullet. The sling bullet misses the adder.
The adder bites you but does no damage. The endoplasm barely misses you.
You shoot a sling bullet. The sling bullet misses the adder.
The adder completely misses you.
The endoplasm hits you but does no damage.
The adder bites you but does no damage.
You shoot a sling bullet.
The sling bullet barely misses the adder.
The adder closely misses you. The endoplasm misses you.
The adder closely misses you. The endoplasm completely misses you.
You shoot a sling bullet.
The sling bullet hits the adder but does no damage.
The adder is heavily wounded.
The adder bites you. The endoplasm freezes you.
You are frozen.
The adder barely misses you.
You shoot a sling bullet.
The sling bullet barely misses the adder.
The endoplasm freezes you.
You are frozen.
The adder bites you but does no damage.
You shoot a sling bullet.
The sling bullet barely misses the adder.
The adder barely misses you.
The endoplasm hits you but does no damage.
The adder bites you but does no damage. The endoplasm freezes you.
You are frozen.
You shoot a sling bullet. The sling bullet misses the adder.
The adder misses you. The endoplasm freezes you.
You are frozen.
You die...

######## #......#######
###########.............
....%%S@.....#######.###
.....#J####.## #.# ###
#. #.# #.# #. #.# #.# #.
#.# #.# .. #.# #(# ##
#.# #.# #.# #.# ###


You could see an adder and an endoplasm.

Vanquished Creatures
  A worm (D:2)
  2 dart slugs (D:1)
  4 ball pythons (D:1)
  3 endoplasms (D:1)
  7 goblins (D:1)
  4 hobgoblins
  2 kobolds (D:1)
  3 quokkas (D:1)
  3 bats (D:1)
  A frilled lizard (D:2)
  7 rats
37 creatures vanquished.

Notes
Turn   | Place    | Note
-------+----------+-------------------------------------------
     0 | D:1      | qw the Gargoyle Hexslinger began the quest for the Orb.
     0 | D:1      | Reached XP level 1. HP: 12/12 MP: 2/2
     0 | D:1      | 0 ||| qw: Version: 0.3-a-46-gb1f654a
     0 | D:1      | 0 ||| qw: Game counter: 3710
     0 | D:1      | 0 ||| qw: Melee chars always use a shield: true
     0 | D:1      | 0 ||| qw: God list: Okawaru
     0 | D:1      | 0 ||| qw: Allow faded altars: false
     0 | D:1      | 0 ||| qw: Do Orc after clearing Dungeon:15 true
     0 | D:1      | 0 ||| qw: Do second Lair branch before Depths: true
     0 | D:1      | 0 ||| qw: Lair rune preference: random
     0 | D:1      | 0 ||| qw: Goals: Normal
     0 | D:1      | 0 ||| PLANNING D:1-11
    77 | D:1      | Reached XP level 2. HP: 16/16 MP: 3/3
   173 | D:1      | Reached skill level 3 in Ranged Weapons
   245 | D:1      | Reached XP level 3. HP: 21/21 MP: 4/4
   730 | D:1      | 730 ||| UPGRADING to +0 leather armour.
   740 | D:1      | 740 ||| DROPPING +0 robe.
   741 | D:1      | 741 ||| UPGRADING to +0 ring mail.
   751 | D:1      | 751 ||| DROPPING +0 leather armour.
   752 | D:1      | 752 ||| READING scroll labelled HEERUT QOAMUEN.
   753 | D:1      | 753 ||| DROPPING scroll of poison.
   866 | D:2      | HP: 5/21 [frozen (3)]
   871 | D:2      | HP: 2/21 [frozen (1)]
   873 | D:2      | Frozen to death by an endoplasm

Levels and vault maps discovered:
D:1:      dpeg_arrival_shrine, layout_loops_ring, st_stairs_9
D:2:      layout_loops_ring, minmay_tetromino_i4

Skill      XL: |  1  2  3 |
---------------+----------+-----
Ranged Weapons | 3 |  3.5
Fighting       | 2 |  2.1
Dodging        | |  1.5
Spellcasting   | |  1.0
Hexes          | |  2.6

Action                     || total
---------------------------++-------
   Fire: Sling             ||   112
    Use: Scroll            ||     1
 Armour: Robe              ||     6
         Ring mail         ||    28
  Dodge: Dodged            ||    57

Table legend:
 A = Non-vault XP
 B = Vault XP
 C = Vault XP percentage of total XP
 D = Non-vault monster count
 E = Vault monster count
 F = Vault count percentage of total count
                 A         B        C        D         E       F
            +---------+---------+-------+---------+---------+-------
      Total |      53 |      13 |  19.7 |      32 |       5 |  13.5
            +---------+---------+-------+---------+---------+-------
        D:1 |      51 |       6 |  10.5 |      30 |       3 |   9.1
        D:2 |       2 |       7 |  77.8 |       2 |       2 |  50.0
            +---------+---------+-------+---------+---------+-------
